 Dungeon Crawl Stone Soup version 0.28-a0-863-g8cecda6153 (webtiles) character file.

Game seed: 18085195054716274130

40 ytrimaz the Skirmisher (level 3, 0/29 HPs)
             Began as a Demonspawn Fighter on Nov 16, 2021.
             Succumbed to an adder's poison
             ... on level 2 of the Dungeon.
             The game lasted 00:01:25 (1096 turns).

ytrimaz the Skirmisher (Demonspawn Fighter)         Turns: 1096, Time: 00:01:25

Health: 0/29       AC:  6    Str: 17    XL:     3   Next: 30%
Magic:  3/3        EV:  9    Int:  9    God:
Gold:   52         SH:  8    Dex: 12    Spells: 2/2 levels left

rFire   . . .      SeeInvis .   a - +0 war axe
rCold   . . .      Faith    .   c - +0 buckler
rNeg    . . .      Spirit   .   b - +0 scale mail
rPois   .          Reflect  .   (no helmet)
rElec   .          Harm     .   (no cloak)
rCorr   .          Rampage  .   (no gloves)
Will    .....                   (no boots)
Stlth   ..........              (no amulet)
HPRegen 0.09/turn               (no ring)
MPRegen 0.16/turn               (no ring)

@: lethally poisoned (0 -> -2), flying
A: large bone plates 1, magic regeneration
a: no special abilities


You were on level 2 of the Dungeon.
You visited 1 branch of the dungeon, and saw 2 of its levels.

You collected 52 gold pieces.

Inventory:

Hand Weapons
 a - a +0 war axe (weapon)
Armour
 b - a +0 scale mail (worn)
 c - a +0 buckler (worn)
 e - a +0 chain mail
Jewellery
 f - a ring of wizardry
Scrolls
 g - a scroll of silence {unknown}
 j - a scroll of vulnerability {unknown}
 k - a scroll of torment {unknown}
Potions
 d - a potion of might


   Skills:
 + Level 3.3 Fighting
 * Level 2.6 Axes
 + Level 3.0 Armour
 + Level 2.9 Shields


You had 2 spell levels left.
You didn't know any spells.
Your spell library was empty.

Dungeon Overview and Level Annotations

Branches:
Dungeon (2/15)

Altars:


Innate Abilities, Weirdness & Mutations

You are partially covered in large bone plates. (SH +4)
You regenerate magic rapidly.


Message History

The adder is heavily wounded.
The adder bites you.
You are poisoned.
The adder poisons you! The adder bites you but does no damage.
You closely miss the adder.
The adder is heavily wounded.
You feel sick. The adder barely misses you. The adder bites you.
You are more poisoned.
The adder poisons you!
You miss the adder.
The adder is heavily wounded.
You feel very sick. The adder bites you.
You are more poisoned.
The adder poisons you! The adder bites you but does no damage.
You barely miss the adder.
The adder is heavily wounded.
You feel very sick. The adder barely misses you. The adder bites you.
* * * LOW HITPOINT WARNING * * *
You hit the adder.
You kill the adder!
* * * LOW HITPOINT WARNING * * *
You feel sick.
Your Armour skill increases to level 3!
Unknown command.
It was a potion of magic.
Magic courses through your body.
* * * LOW HITPOINT WARNING * * *
You feel sick.
It was a potion of flight.
You feel very buoyant.
You fly up into the air.
* * * LOW HITPOINT WARNING * * *
You feel sick.
Unknown command.
Okay, then.
* * * LOW HITPOINT WARNING * * *
You feel sick.
You see here an adder corpse.
You die...

#≈# #............# ##
#....##≈#....#
#...#≈#≈≈###..# #
#...#≈≈≈≈≈≈#..##.##.#
....##≈#≈≈#≈≈#.......#
####.#≈≈≈≈≈≈≈≈#.##....#
#.≈≈#≈≈≈#≈≈#.# ##w.
..##≈≈≈≈≈≈##)#
≈#≈≈@†..# #≈≈###..#
..≈≈ #....#
.!.........#
#####.#..### # ##.# #.#
#.. ###


There were no monsters in sight!

Vanquished Creatures
  An adder (D:2)
  3 dart slugs
  2 ball pythons
  4 endoplasms
  A hobgoblin (D:1)
  A quokka (D:1)
  2 bats (D:1)
  2 frilled lizards (D:1)
  3 goblins
  3 kobolds (D:1)
  3 rats (D:1)
25 creatures vanquished.

Notes
Turn   | Place    | Note
-------+----------+-------------------------------------------
     0 | D:1      | ytrimaz the Demonspawn Fighter began the quest for the Orb.
     0 | D:1      | Reached XP level 1. HP: 18/18 MP: 1/1
   259 | D:1      | Gained mutation: You are partially covered in large bone
                  | plates. (SH +4) [demonic ancestry]
   259 | D:1      | Reached XP level 2. HP: 24/24 MP: 2/2
   292 | D:1      | Found a faded altar of an unknown god.
  1052 | D:2      | Gained mutation: You regenerate magic rapidly. [demonic
                  | ancestry]
  1052 | D:2      | Reached XP level 3. HP: 27/29 MP: 3/3
  1095 | D:2      | HP: 1/29 [poisoned by an adder]
  1096 | D:2      | Succumbed to an adder's poison

Illustrated notes

Levels and vault maps discovered:
D:1:      roderic_dead_forest, layout_basic, dreamdust_ecumenical_altar_grove,
          eino_curves_04
D:2:      layout_loops_ring, minivault_4, chequers_serial_rivers_micro_e,
          serial_bayou_pond_d

Skill      XL: |  1  2  3 |
---------------+----------+-----
Axes           | 2 |  2.6
Armour         | 3 |  3.0
Fighting       | |  3.3
Shields        | |  2.9

Action                   || total
-------------------------++-------
Melee: War axe           ||    65
  Use: Potion            ||     2
Armor: Scale mail        ||    25
Dodge: Dodged            ||    28
Block: Buckler           ||    21

Table legend: (Time is in decaauts)
 A = Elapsed time spent in this place.
 B = Non-inter-level travel time spent in this place.
 C = Inter-level travel time spent in this place.
 D = Time resting spent in this place.
 E = Time spent auto-exploring this place.
 F = Levels seen in this place.
 G = Mean time per level.
                   A        B        C        D        E       F      G
               +--------+--------+--------+--------+--------+-----+--------+
         Total |   1124 |   1113 |     11 |      0 |    931 |   2 |  562.0 |
       Dungeon |   1124 |   1113 |     11 |      0 |    931 |   2 |  562.0 |
               +--------+--------+--------+--------+--------+-----+--------+

Top non-repeatable levels by time:
     D:1: 962 daAuts
     D:2: 162 daAuts
